 Dungeon Crawl Stone Soup version 0.25.1-2-g60ff931df9 (webtiles) character file.

Game seed: 11460773612473065800

12549 Curus the Spear-Bearer (level 11, -7/99 HPs)
             Began as a Minotaur Monk on Aug 29, 2020.
             Was a High Priest of Okawaru.
             Mangled by Urug
             ... wielding a +4 long sword of electrocution
              (20 damage)
             ... on level 2 of the Lair of Beasts.
             The game lasted 00:47:55 (10840 turns).

Curus the Spear-Bearer (Minotaur Monk)             Turns: 10840, Time: 00:47:55

Health: -7/99      AC: 18    Str: 17    XL:     11   Next: 63%
Magic:  22/24      EV: 20    Int: 12    God:    Okawaru [*****.]
Gold:   412        SH:  7    Dex: 17    Spells: 10/10 levels left

rFire    + . .     SeeInvis .   m - +0 trident
rCold    . . .     Gourm    .   w - +0 buckler
rNeg     . . .     Faith    .   H - +2 ring mail {rF+}
rPois    .         Spirit   .   D - +0 hat {Int+3}
rElec    .         Reflect  .   q - +0 cloak
rCorr    .         Harm     .   i - +1 pair of gloves
MR       .....                  (no boots)
Stlth    +++.......             r - amulet of the acrobat
HPRegen  0.26/turn              d - +4 ring of protection
MPRegen  0.19/turn              G - ring of magical power

@: heroism
A: retaliatory headbutt, horns 2, iridescent scales 1, rugged brown scales 1,
agile 1, clever 1
a: Heroism, Finesse, Renounce Religion


You were on level 2 of the Lair of Beasts.
You worshipped Okawaru.
Okawaru was extremely pleased with you.
You were not hungry.

You visited 2 branches of the dungeon, and saw 10 of its levels.

You collected 621 gold pieces.
You spent 209 gold pieces at shops.

Inventory:

Hand Weapons
 a - a +0 spear
 m - a +0 trident (weapon)
 t - a +4 glaive of venom
 J - the +4 glaive of the Butterfly {elec, +Fly rC- rN+ Str+2}
   (Okawaru gifted it to you on level 8 of the Dungeon)

   Occasionally, upon striking a foe, it will discharge some electrical energy
   and cause terrible harm.
   It affects your strength (+2).
   It makes you vulnerable to cold.
   It protects you from negative energy.
   It lets you fly.
Armour
 b - a +0 robe
 e - a +0 leather armour
 i - a +1 pair of gloves (worn)
 q - a +0 cloak (worn)
 w - a +0 buckler (worn)
 D - a +0 hat of intelligence (worn)
 H - a +2 ring mail of fire resistance (worn)
 M - a scarf of repulsion
 N - a +1 kite shield of protection
Jewellery
 d - a +4 ring of protection (left hand)
 r - an amulet of the acrobat (around neck)
 v - an uncursed ring of fire
 G - a ring of magical power (right hand)
 L - a -4 ring of intelligence
Wands
 o - a wand of enslavement (1)
 p - a wand of disintegration (8)
 y - a wand of paralysis (14)
 A - a wand of polymorph (6)
 B - a wand of iceblast (10)
 E - a wand of digging (7)
 K - a wand of acid (5)
Scrolls
 h - 10 scrolls of identify
 j - 4 scrolls of remove curse
 n - 3 scrolls of teleportation
 z - a scroll of fear
 C - 2 scrolls of amnesia
 F - a scroll of blinking
Potions
 f - a potion of brilliance
 g - 7 potions of curing
 k - 4 potions of ambrosia
 l - 4 potions of invisibility
 s - a potion of haste
 I - a potion of cancellation
Comestibles
 c - 19 rations


   Skills:
 + Level 9.3(14.3) Fighting
 - Level 14.0(19.0) Polearms
 + Level 8.6(13.6) Dodging
 - Level 1.5(6.5) Stealth
 - Level 4.0(9.0) Shields
 - Level 6.9 Invocations
 - Level 6.3 Evocations


You had 10 spell levels left.
You didn't know any spells.
Your spell library contained the following spells:

 Spells                   Type           Power        Failure   Level  Hunger
 Animate Skeleton         Necr           N/A          50%         1    ##.....
 Magic Dart               Conj           #...         50%         1    ##.....
 Pain                     Necr           #...         50%         1    ##.....
 Sandblast                Erth           #.....       50%         1    ##.....
 Passwall                 Tmut/Erth      #.......     65%         2    ###....
 Stone Arrow              Conj/Erth      #.....       86%         3    ####...
 Vampiric Draining        Necr           #.........   86%         3    ####...
 Animate Dead             Necr           N/A          99%         4    #####..
 Petrify                  Tmut/Erth      #.......     99%         4    #####..
 Agony                    Necr           #.......     100%        5    ######.
 Lee's Rapid Deconstruct  Erth           #.........   100%        5    ######.


Dungeon Overview and Level Annotations

Branches:
Dungeon (8/15)             Temple (0/1) D:6            Lair (2/6) D:8
  Swamp: Lair:2-4    Shoals: Lair:2-4     Snake: Lair:2-4    Spider: Lair:2-4

Altars:
Ashenzari
Elyvilon
Fedhas
Kikubaaqudgha
Makhleb
Okawaru
Sif Muna
Vehumet
Wu Jian
Xom
Yredelemnul
Zin
The Shining One

Shops:
D:4 !   D:8 (

Annotations:
D:3 3 runed translucent doors, Quickbrownfox's ghost, amateur GrIE
D:8 1 runed translucent door, Zalitodcss's ghost, novice CeHu
Lair:1 exclusion: 2 oklob plants
Lair:2 Urug


Innate Abilities, Weirdness & Mutations

You reflexively headbutt those who attack you in melee.
You have a pair of horns on your head.
You are partially covered in iridescent scales. (AC +2)
You are partially covered in rugged brown scales. (AC +1, +3% HP)
You are agile. (Dex +2)
Your mind is acute. (Int +2)


Message History

Aiming: Paralyse
Press: ? - help, Shift-Dir - straight line, f/p - Urug
Aim: Urug, wielding a +4 long sword of electrocution and wearing a +0 chain mail (heavily wounded, chance to defeat MR: 48%)
Okay, then.
Unknown command.
Unknown command.
Evoke which item? (* to show all) (? for menu, Esc to quit)
Aiming: Polymorph
Press: ? - help, Shift-Dir - straight line, f/p - Urug
Aim: Urug, wielding a +4 long sword of electrocution and wearing a +0 chain mail (heavily wounded, chance to defeat MR: 48%)
Okay, then.
Unknown command.
Unknown command.
Evoke which item? (* to show all) (? for menu, Esc to quit)
Aiming: Paralyse
Press: ? - help, Shift-Dir - straight line, f/p - Urug
Aim: Urug, wielding a +4 long sword of electrocution and wearing a +0 chain mail (heavily wounded, chance to defeat MR: 48%) Urug resists with some effort.
Urug hits you with a +4 long sword of electrocution!!
You die...

..................#
............[......
................## .
#...............#
..##..............## ..
..#........†..<..## 8..
####÷.............(##
....##.8.o#....).......(..
.........@#............($.
>.8....<.8...............o
..........................
....##.8..#...............
8.. ###.##.P.......o.....
.. ....##......#....... .
....###......#.......
......# #.....##.......
......# #.....# .%.....


You could see Urug.

Vanquished Creatures
  A hydra (Lair:2)
  Harold (D:8)
  Nergalle (Lair:2)
  Psyche (D:8)
  2 spiny frogs (Lair:1)
  Maurice (D:8)
  2 komodo dragons (Lair:1)
  A hippogriff (D:7)
  8 blink frogs
  A basilisk (D:8)
  14 yaks
  A wyvern (D:8)
  A hungry ghost (D:3)
  A soldier ant (D:8)
  5 porcupines
  Duvessa (D:7)
  5 water moccasins
  An orc warrior (D:7)
  3 ice beasts
  A black bear (D:8)
  7 wolves
  2 ogres
  A centaur (D:6)
  6 crocodiles
  A big kobold (D:8)
  6 bullfrogs
  Blork the orc (D:4)
  Dowan (D:7)
  A scorpion (D:8)
  6 killer bees
  4 wights (D:6)
  A crimson imp (D:7)
  A quasit (D:7)
  3 hounds
  A jelly (D:7)
  2 centaur skeletons
  Crazy Yiuf (D:4)
  An orc priest (D:7)
  4 iguanas
  Ijyb (D:4)
  3 orc wizards
  2 worker ants
  A hound zombie (D:5)
  13 adders
  A shadow imp (D:7)
  An ooze (D:2)
  2 adder skeletons
  2 worms
  A dart slug (D:2)
  A leopard gecko (D:6)
  14 orcs
  2 ball pythons
  9 bats
  8 giant cockroaches
  4 goblins
  5 hobgoblins
  9 jackals
  4 quokkas
  A frilled lizard (D:3)
  A jackal zombie (D:6)
  6 kobolds
  5 rats
198 creatures vanquished.

Vanquished Creatures (others)
  An orc wizard (D:6)
  2 bushes (D:8)
  5 plants
8 creatures vanquished.

Grand Total: 206 creatures vanquished

Notes
Turn   | Place    | Note
-------+----------+-------------------------------------------
     0 | D:1      | Curus the Minotaur Monk began the quest for the Orb.
     0 | D:1      | Reached XP level 1. HP: 19/19 MP: 0/0
   268 | D:1      | Reached skill level 4 in Polearms
   482 | D:1      | Reached XP level 2. HP: 26/26 MP: 1/1
  1110 | D:2      | Reached skill level 5 in Polearms
  1158 | D:2      | Found a shimmering blue altar of Sif Muna.
  1159 | D:2      | Found an ancient bone altar of Kikubaaqudgha.
  1159 | D:2      | Found a radiant altar of Vehumet.
  1165 | D:2      | Identified Vehumet's Catalogue of Confrontation
  1174 | D:2      | Reached XP level 3. HP: 31/31 MP: 2/2
  1504 | D:2      | Found a blossoming altar of Fedhas.
  1789 | D:3      | Reached skill level 6 in Polearms
  1789 | D:3      | Reached XP level 4. HP: 16/39 MP: 3/3
  2109 | D:3      | Found a runed translucent gate.
  2109 | D:3      | Found a runed translucent gate.
  2109 | D:3      | Found a runed translucent gate.
  2126 | D:3      | Noticed Quickbrownfox's ghost (amateur GrIE)
  2785 | D:4      | Found an iron altar of Okawaru.
  2801 | D:4      | Became a worshipper of Warmaster Okawaru
  2801 | D:4      | Reached * piety under Okawaru
  2801 | D:4      | Reached ** piety under Okawaru
  2818 | D:4      | Found Ireschove's Distillery.
  2849 | D:4      | Bought a potion of heal wounds for 55 gold pieces
  2849 | D:4      | Bought a potion of heal wounds for 55 gold pieces
  2849 | D:4      | Bought a potion of curing for 33 gold pieces
  2849 | D:4      | Bought a potion of curing for 33 gold pieces
  2849 | D:4      | Bought a potion of lignification for 33 gold pieces
  2876 | D:4      | Found a runed translucent door.
  2877 | D:4      | Noticed Crazy Yiuf
  3099 | D:4      | Reached XP level 5. HP: 45/45 MP: 4/4
  3114 | D:4      | Reached skill level 7 in Polearms
  3120 | D:4      | Noticed a hungry ghost
  3121 | D:4      | Noticed Ijyb
  3149 | D:3      | Killed a hungry ghost
  3149 | D:3      | Reached skill level 8 in Polearms
  3149 | D:3      | Reached XP level 6. HP: 27/51 MP: 5/5
  3344 | D:4      | Killed Ijyb
  3507 | D:4      | Found a blossoming altar of Fedhas.
  3507 | D:4      | Found an ornate altar of the Wu Jian Council.
  3512 | D:4      | Found a shattered altar of Ashenzari.
  3513 | D:4      | Noticed Blork the orc
  3514 | D:4      | Found a glowing golden altar of the Shining One.
  3519 | D:4      | Found a basalt altar of Yredelemnul.
  3527 | D:4      | Killed Blork the orc
  3527 | D:4      | Reached skill level 9 in Polearms
  3784 | D:4      | Killed Crazy Yiuf
  4026 | D:5      | Entered Level 5 of the Dungeon
  4269 | D:5      | Found a blossoming altar of Fedhas.
  4627 | D:6      | Reached XP level 7. HP: 56/57 MP: 6/6
  4664 | D:6      | Reached skill level 10 in Polearms
  4836 | D:6      | Reached *** piety under Okawaru
  5110 | D:6      | Found a staircase to the Ecumenical Temple.
  5125 | D:6      | Reached skill level 11 in Polearms
  5343 | D:6      | Reached XP level 8. HP: 57/64 MP: 7/7
  5406 | D:6      | Reached skill level 12 in Polearms
  5682 | D:6      | Found a white marble altar of Elyvilon.
  5742 | D:7      | Found a burning altar of Makhleb.
  5769 | D:7      | Gained mutation: Your mind is acute. (Int +2) [potion of
                  | mutation]
  5769 | D:7      | Gained mutation: You are partially covered in iridescent
                  | scales. (AC +2) [potion of mutation]
  5769 | D:7      | Gained mutation: You are partially covered in rugged brown
                  | scales. (AC +1, +3% HP) [potion of mutation]
  5769 | D:7      | Gained mutation: You are agile. (Dex +2) [potion of
                  | mutation]
  5844 | D:7      | Identified a scroll of acquirement
  5844 | D:7      | Acquired a +0 hat of intelligence
  5881 | D:7      | Noticed Dowan
  5882 | D:7      | Noticed Duvessa
  5906 | D:7      | Killed Duvessa
  5911 | D:7      | Killed Dowan
  5911 | D:7      | Reached skill level 13 in Polearms
  6003 | D:7      | Noticed a hippogriff
  6030 | D:7      | Killed a hippogriff
  6030 | D:7      | Reached **** piety under Okawaru
  6030 | D:7      | Received a gift from Okawaru
  6201 | D:7      | Reached XP level 9. HP: 32/72 MP: 5/8
  6460 | D:7      | Found a glowing silver altar of Zin.
  6461 | D:7      | Noticed an angel
  6463 | D:7      | Noticed a blizzard demon
  6653 | D:7      | Reached skill level 14 in Polearms
  7065 | D:8      | Found a runed translucent door.
  7066 | D:8      | Found a shimmering altar of Xom.
  7066 | D:8      | Noticed Zalitodcss's ghost (novice CeHu)
  7068 | D:8      | Noticed a +2 short sword of chaos
  7069 | D:8      | Noticed Psyche
  7247 | D:8      | Noticed Maurice
  7271 | D:8      | Killed Maurice
  7271 | D:8      | Reached skill level 5 in Fighting
  7271 | D:8      | Reached skill level 5 in Dodging
  7337 | D:8      | Killed Psyche
  7446 | D:8      | Noticed Harold
  7474 | D:8      | HP: 3/80 [Harold/+2 halberd of protection (15)]
  7498 | D:8      | Killed Harold
  7498 | D:8      | Reached ***** piety under Okawaru
  7498 | D:8      | Reached XP level 10. HP: 23/90 MP: 9/9
  7782 | D:8      | Found Garufu's Weapon Boutique.
  7790 | D:8      | Received a gift from Okawaru
  7791 | D:8      | Got a steaming glaive {god gift}
  7843 | D:8      | Found a staircase to the Lair.
  7920 | D:8      | HP: 4/92 [basilisk (6)]
  8405 | D:8      | Identified the +4 glaive of the Butterfly {elec, +Fly rC-
                  | rN+ Str+2} (Okawaru gifted it to you on level 8 of the
                  | Dungeon)
  8407 | Lair:1   | Entered Level 1 of the Lair of Beasts
  8557 | Lair:1   | Reached skill level 1 in Shields
  8557 | Lair:1   | Reached skill level 1 in Invocations
  8557 | Lair:1   | Reached skill level 1 in Evocations
  8598 | Lair:1   | Received a gift from Okawaru
  8972 | Lair:1   | Noticed a spiny frog
  8983 | Lair:1   | Killed a spiny frog
  9040 | Lair:1   | Reached XP level 11. HP: 71/99 MP: 12/12
  9598 | Lair:1   | Reached skill level 5 in Invocations
  9815 | Lair:1   | Noticed an oklob plant
  9815 | Lair:1   | Noticed an oklob plant
 10225 | Lair:1   | Reached skill level 5 in Evocations
 10421 | Lair:2   | Noticed Urug
 10424 | Lair:2   | Noticed Nergalle
 10537 | Lair:2   | Received a gift from Okawaru
 10623 | Lair:2   | Killed Nergalle
 10689 | Lair:2   | Noticed a four-headed hydra
 10700 | Lair:2   | Killed a four-headed hydra
 10840 | Lair:2   | Mangled by Urug

Illustrated notes

Levels and vault maps discovered:
D:1:      dpeg_arrival_signposts, layout_basic
D:2:      layout_rooms, grunt_temple_overflow_magic_moments, serial_curves,
          eino_curves_02, eino_curves_03, eino_curves_04, dk_noncrumbling_2,
          eino_tiny_chamber, fedhas_altar_1
D:3:      layout_rooms, first_ration, ebering_ghost_rock_garden
D:4:      layout_rooms, okawaru_trees_2, chequers_temple_overflow_minitemple,
          serial_shops, nicolae_shop_temple_entry_statues_fountains,
          corexii_checkpoint_a, uniq_crazy_yiuf_cottage, uniq_ijyb,
          uniq_blork_the_orc
D:5:      layout_loops_cross, basic_altar
D:6:      layout_rooms, elyvilon_altar_4, temple_fountains,
          kennysheep_decorative_pillar, minmay_quadrilaterals
D:7:      layout_basic, grunt_temple_overflow_order_and_chaos_2, uniq_duvessa
D:8:      layout_basic, minmay_lair_entry_grove, ebering_ghost_xom,
          serial_shops, nicolae_shop_trees, blue_anna_alchemist
          [blue_anna_fruit_fields, blue_anna_fruit_fields], uniq_harold,
          uniq_maurice, uniq_psyche
Lair:1:   layout_regular_city, st_stairs_11, serial_bayou_shore_b,
          minmay_lair_oklob_chamber
Lair:2:   layout_gridlike, lemuel_fruit_tree, grunt_megastairs_3, uniq_urug,
          uniq_nergalle

Skill      XL: |  1  2  3  4  5  6  7  8  9 10 11 |
---------------+----------------------------------+-----
Polearms       | 4 5 6 8 9 11 13 14 | 14.0
Fighting       | 7 9 |  9.3
Dodging        | 7 8 |  8.6
Shields        | 4 |  4.0
Invocations    | 3 6 |  6.9
Evocations     | 3 6 |  6.3
Stealth        | |  1.5

Action                   |  1- 3 |  4- 6 |  7- 9 | 10-12 || total
-------------------------+-------+-------+-------+-------++-------
Melee: Spear             |    82 |    47 |       |       ||   129
       Headbutt          |    11 |    17 |    63 |   100 ||   191
       Trident           |       |    88 |   330 |   432 ||   850
Invok: Heroism           |       |       |     2 |     3 ||     5
Evoke: Wand              |       |       |     1 |     4 ||     5
  Use: Potion            |     4 |     6 |     4 |     4 ||    18
       Scroll            |     2 |     5 |     3 |     5 ||    15
 Stab: Sleeping          |     2 |     3 |     1 |     2 ||     8
  Eat: Chunk             |     3 |     6 |     6 |    10 ||    25
       Ration            |       |     2 |     1 |       ||     3
Armor: Robe              |     4 |       |       |       ||     4
       Leather armour    |    16 |    23 |    80 |       ||   119
       Skin              |       |     1 |       |       ||     1
       Ring mail         |       |       |       |    95 ||    95
Dodge: Dodged            |    43 |    59 |   129 |   201 ||   432
Block: Buckler           |       |       |     8 |    65 ||    73
